 Dungeon Crawl Stone Soup version 0.27.1 (webtiles) character file.

Game seed: 7485466571568167973

19 Malachi the Skirmisher (level 2, 0/25 HPs)
             Began as a Barachi Fighter on Aug 25, 2021.
             Frozen to death by an endoplasm (5 damage)
             ... on level 2 of the Dungeon.
             The game lasted 00:01:13 (1198 turns).

Malachi the Skirmisher (Barachi Fighter)            Turns: 1198, Time: 00:01:13

Health: 0/25       AC:  7    Str: 17    XL:     2   Next: 75%
Magic:  2/2        EV:  9    Int:  8    God:
Gold:   55         SH:  5    Dex: 11    Spells: 1/1 levels left

rFire    + . .     SeeInvis .   a - +0 long sword
rCold    . . .     Faith    .   (no shield)
rNeg     . . .     Spirit   .   b - +0 scale mail
rPois    .         Reflect  +   (no helmet)
rElec    .         Harm     .   (no cloak)
rCorr    .         Rampage  .   (no gloves)
Will     .....                  (no boots)
Stlth    ..........             f - amulet of reflection
HPRegen  0.08/turn              i - ring of protection from fire
MPRegen  0.08/turn              (no ring)

@: slow
A: amphibious, slowness 1, strong legs 1, +LOS
a: Hop


You were on level 2 of the Dungeon.
You visited 1 branch of the dungeon, and saw 2 of its levels.

You collected 55 gold pieces.

Inventory:

Hand Weapons
 a - a +0 long sword (weapon)
Armour
 b - a +0 scale mail (worn)
 c - a +0 kite shield
Jewellery
 f - an amulet of reflection (around neck)
 i - a ring of protection from fire (left hand)
Potions
 d - 2 potions of might
 e - a potion of haste
 g - a potion of lignification
 h - a potion of degeneration {unknown}


   Skills:
 + Level 4.0 Fighting
 * Level 2.6 Long Blades
 + Level 3.9 Armour
 + Level 3.6 Shields


You had one spell level left.
You didn't know any spells.
Your spell library contained the following spells:

 Spells                   Type           Power      Damage    Failure   Level
 Freeze                   Ice            0%         1d3       80%         1
 Passwall                 Tmut/Erth      0%         N/A       91%         2
 Frozen Ramparts          Ice            0%         1d2       99%         3
 Swiftness                Air            0%         N/A       99%         3
 Hailstorm                Conj/Ice       0%         3d3       100%        4
 Summon Forest            Summ/Tloc      0%         N/A       100%        5
 Eringya's Noxious Bog    Tmut/Pois      0%         N/A       100%        6
 Invisibility             Hex            0%         N/A       100%        6
 Summon Hydra             Summ           0%         N/A       100%        7


Dungeon Overview and Level Annotations

Branches:
Dungeon (2/15)

Altars:


Innate Abilities, Weirdness & Mutations

You are amphibious.
You cover ground slowly.
You can hop short distances.
You have an extended range of vision and can be seen from far away.


Message History

You hit the endoplasm but do no damage.
The endoplasm is heavily wounded.
You block the endoplasm's attack. The endoplasm freezes you.
You are frozen.
You hit the endoplasm but do no damage.
The endoplasm is heavily wounded.
The endoplasm hits you but does no damage. x2
Unknown command.
You hit the endoplasm.
You kill the endoplasm!
The endoplasm hits you. x2
Unknown command.
You hit the endoplasm.
The endoplasm is severely wounded.
You block the endoplasm's attack.
Unknown command.
You hit the endoplasm.
The endoplasm is almost dead.
The endoplasm freezes you.
You are frozen.
The endoplasm hits you but does no damage. x2
Unknown command.
You are too injured to fight recklessly!
You are too injured to fight recklessly!
Unknown command.
You are too injured to fight recklessly!
Unknown command.
The endoplasm freezes you.
You are frozen.
* * * LOW HITPOINT WARNING * * *
The endoplasm hits you but does no damage.
Found a purple potion.
The endoplasm freezes you.
You are frozen.
* * * LOW HITPOINT WARNING * * *
The endoplasm jiggles.
The endoplasm freezes you.
You are frozen.
You die...

###### ###### # ##.....
#....### .#
............####......# ..#
##.....................#...#
.........#........##...#...##
.........#......J.##........#
.......#.#.....J..##.........
....#>.......).@..+..........
..................#..........
#...#.................#....
..#....†................#....
............<...........# !..
........†..............## ..
...........#...........#
..........##...........#
..#.......######......!#


You could see 2 endoplasms.

Vanquished Creatures
  4 ball pythons
  An endoplasm (D:2)
  2 giant cockroaches (D:2)
  A hobgoblin (D:1)
  A kobold (D:1)
  3 bats (D:1)
  3 frilled lizards (D:1)
  2 goblins
  2 rats (D:1)
19 creatures vanquished.

Notes
Turn   | Place    | Note
-------+----------+-------------------------------------------
     0 | D:1      | Malachi the Barachi Fighter began the quest for the Orb.
     0 | D:1      | Reached XP level 1. HP: 18/18 MP: 1/1
   644 | D:1      | Reached XP level 2. HP: 24/25 MP: 2/2
  1158 | D:2      | Reached skill level 4 in Fighting
  1198 | D:2      | Frozen to death by an endoplasm

Illustrated notes

Levels and vault maps discovered:
D:1:      minmay_arrival_nine_rooms, layout_loops_corners, minivault_5,
          minmay_misc_feat_more_columns
D:2:      layout_basic

Skill      XL: |  1  2 |
---------------+-------+-----
Fighting       | 4 |  4.0
Long Blades    | |  2.6
Armour         | |  3.9
Shields        | |  3.6

Action                   || total
-------------------------++-------
Melee: Long sword        ||    57
  Use: Scroll            ||     2
Armor: Scale mail        ||    35
Dodge: Dodged            ||    26
Block: Kite shield       ||     6
       Other             ||    11
       Rpst.: Long sword ||    12
